 Dungeon Crawl Stone Soup version 0.19.1-1-g22dce08 (webtiles) character file.

2331 Kook the Conjurer (level 9, -5/78 HPs)
             Began as a Grey Draconian Conjurer on Jan 1, 2017.
             Was a Believer of Vehumet.
             Killed from afar by a gargoyle (15 damage)
             ... with a stone arrow
             ... on level 7 of the Dungeon.
             The game lasted 00:29:23 (7400 turns).

Kook the Conjurer (Grey Draconian Conjurer)         Turns: 7400, Time: 00:29:23

Health: -5/78      AC: 14    Str: 11    XL:     9   Next: 19%
Magic:  19/33      EV: 12    Int: 23    God:    Vehumet [**....]
Gold:   262        SH:  0    Dex: 12    Spells: 3 memorised, 15 levels left

rFire  . . .     SeeInvis .     I - staff of power
rCold  . . .     Gourm    .     (armour unavailable)
rNeg   . . .     Faith    .     (no shield)
rPois  .         Spirit   .     (helmet restricted)
rElec  .         Reflect  .     D - +1 cloak
rCorr  .         Harm     .     (no gloves)
MR     .....                    (no boots)
Stlth  ++........               (no amulet)
                                (no ring)
                                (no ring)

@: brilliant
A: walk through water, unfitting armour, unbreathing, cold-blooded, AC +12
a: Renounce Religion


You were on level 7 of the Dungeon.
You worshipped Vehumet.
Vehumet was pleased with you.
You were very hungry.

You visited 2 branches of the dungeon, and saw 8 of its levels.

You collected 361 gold pieces.
You spent 99 gold pieces at shops.

Inventory:

Hand Weapons
 h - a +0 whip
 j - a +2 dagger of venom
 o - a +2 spear of pain
 L - a +1 whip of flaming
Armour
 D - a +1 cloak (worn)
Magical Staves
 I - an uncursed staff of power (weapon)
Jewellery
 i - an uncursed ring of flight {unknown}
 q - an uncursed ring of protection from cold {unknown}
 K - an uncursed amulet of magic regeneration {unknown}
Wands
 z - a wand of slowing (14/48)
Scrolls
 d - 3 scrolls of amnesia {unknown}
 e - 2 scrolls of recharging {unknown}
 g - 3 scrolls of blinking {unknown}
 k - 3 scrolls of remove curse {unknown}
 m - 2 scrolls of identify {unknown}
 n - a scroll of fear {unknown}
 r - a scroll of magic mapping {unknown}
 w - a scroll of random uselessness {unknown}
 y - a scroll of noise {unknown}
 A - 2 scrolls of teleportation
Potions
 c - 2 potions of brilliance
 l - 2 potions of heal wounds {unknown}
 p - 2 potions of might {unknown}
 s - a potion of resistance {unknown}
 v - 4 potions of degeneration {unknown}
 x - a potion of agility {unknown}
 C - a potion of ambrosia {unknown}
 E - a potion of lignification {unknown}
 F - a potion of curing
 G - a potion of beneficial mutation {unknown}
 H - a potion of invisibility {unknown}
 M - a potion of haste {unknown}
Books
 a - a book of Conjurations

   Spells                             Type                      Level
   a - Magic Dart                     Conjuration                  1
   b - Searing Ray                    Conjuration                  2
   c - Dazzling Spray                 Conjuration/Hexes            3
   d - Fulminant Prism                Conjuration/Hexes            4
   e - Iskenderun's Mystic Blast      Conjuration                  4
   f - Iskenderun's Battlesphere      Conjuration/Charms           5
 J - a book of Misfortune

   Spells                             Type                      Level
   a - Confusing Touch                Hexes                        1
   b - Confuse                        Hexes                        3
   c - Gell's Gravitas                Hexes/Translocation          3
   d - Petrify                        Transmutation/Earth          4
   e - Metabolic Englaciation         Hexes/Ice                    5
   f - Yara's Violent Unravelling     Hexes/Transmutation          5
Comestibles
 b - 6 bread rations
 f - a royal jelly
 t - 3 beef jerkies
 u - 7 meat rations
 B - 7 fruits


   Skills:
 * Level 6.7 Fighting
 - Level 1.7 Dodging
 - Level 1.7 Stealth
 * Level 6.5 Spellcasting
 * Level 7.9 Conjurations
 + Level 3.9 Hexes


You had 15 spell levels left.
You knew the following spells:

 Your Spells              Type           Power        Failure   Level  Hunger
a - Magic Dart            Conj           ####         1%          1    None
b - Searing Ray           Conj           ######       1%          2    None
c - Dazzling Spray        Conj/Hex       #####.       1%          3    None


Dungeon Overview and Level Annotations

Branches:
Dungeon (7/15)             Temple (1/1) D:4

Altars:
Ashenzari
Cheibriados
Dithmenos
Elyvilon
Fedhas
Gozag
Hepliaklqana
Makhleb
Nemelex Xobeh
Okawaru
Qazlal
Ru
Sif Muna
Trog
Uskayaw
Vehumet
Xom
Yredelemnul
Zin
The Shining One

Shops:
D:4 %   D:5 *

Annotations:
D:3 esmelusina's ghost, amateur NaCK


Innate Abilities, Weirdness & Mutations

You can walk through water.
Your dull iron-grey scales are very hard. (AC +12)
You cannot fit into any form of body armour.
You can survive without breathing.
You are cold-blooded and may be slowed by cold attacks.


Message History

The gargoyle hits you but does no damage.
The searing ray hits the gargoyle.
The gargoyle is severely damaged.
You finish channeling your searing ray.
The gargoyle hurls a stone arrow at you.
The stone arrow hits you!
* * * LOW HITPOINT WARNING * * *
Okay, then.
It was a potion of brilliance.
You feel clever all of a sudden. The gargoyle misses you.
Casting: Searing Ray
Confirm with . or Enter, or press ? or * to list all spells.
Aiming: Searing Ray
Press: ? - help, Shift-Dir - straight line, f/p - gargoyle
Aim: a gargoyle, wielding a flail (severely damaged)
The searing ray misses the gargoyle.
The gargoyle hurls a stone arrow at you.
The stone arrow hits you!
You die...

###.....##....#..##...###
#####.##.##.........###
#....####.......#..
##..........#......
#..........###....
#.................
...####.................
........................
.#.####@.......(........
#9................
#(...........<###.
#.................
..................
...#####...####### #.$#
...## ..## ... ##


You could see a gargoyle.

Vanquished Creatures
  Pikel (D:6)
  2 hippogriffs
  A hungry ghost (D:6)
  2 phantoms
  A slave (D:6)
  2 ogres
  4 bullfrogs (D:6)
  5 killer bees (D:7)
  A bullfrog zombie (D:6)
  A crimson imp (D:6)
  2 hounds
  A jelly (D:6)
  2 orc priests
  2 iguanas
  2 worker ants (D:6)
  2 hound skeletons
  6 gnolls
  A howler monkey skeleton (D:4)
  2 adders
  A shadow imp (D:6)
  An adder zombie (D:5)
  2 adder skeletons
  2 worms
  8 leopard geckos
  12 orcs
  6 giant cockroaches
  15 goblins
  8 hobgoblins
  4 jackals (D:6)
  4 quokkas
  4 bats
  12 frilled lizards
  3 kobolds
  9 rats
131 creatures vanquished.

Vanquished Creatures (others)
  A wyvern zombie (D:7)
  A scorpion (D:7)
  A killer bee (D:7)
  An adder (D:7)
  An orc (D:7)
5 creatures vanquished.

Grand Total: 136 creatures vanquished

Notes
Turn   | Place    | Note
-------+----------+-------------------------------------------
     0 | D:1      | Kook the Draconian Conjurer began the quest for the Orb.
     0 | D:1      | Reached XP level 1. HP: 14/14 MP: 3/3
   141 | D:1      | Found a sparkling altar of Nemelex Xobeh.
   568 | D:1      | Reached XP level 2. HP: 13/20 MP: 0/5
  1296 | D:2      | Found a radiant altar of Vehumet.
  1298 | D:2      | Reached XP level 3. HP: 27/27 MP: 3/6
  1357 | D:2      | Became a worshipper of Vehumet
  1631 | D:2      | Learned a level 2 spell: Searing Ray
  1635 | D:2      | Learned a level 3 spell: Dazzling Spray
  1875 | D:3      | Noticed esmelusina's ghost (amateur NaCK)
  2065 | D:3      | You fall through a shaft!
  2103 | D:3      | Reached skill level 1 in Fighting
  2226 | D:3      | Reached XP level 4. HP: 26/35 MP: 3/8
  2514 | D:3      | Found an opulent altar of Gozag.
  2584 | D:3      | Noticed an ogre
  2603 | D:3      | Reached * piety under Vehumet
  2603 | D:3      | Offered knowledge of Freeze by Vehumet.
  2608 | D:3      | Killed an ogre
  2608 | D:3      | Reached skill level 5 in Conjurations
  2608 | D:3      | Reached skill level 1 in Hexes
  2608 | D:3      | Reached XP level 5. HP: 27/42 MP: 1/10
  2800 | D:3      | Found a shadowy altar of Dithmenos.
  2800 | D:3      | Found a shimmering altar of Xom.
  2805 | D:3      | Found a white marble altar of Elyvilon.
  2807 | D:3      | Found a blossoming altar of Fedhas.
  2808 | D:3      | Found a shattered altar of Ashenzari.
  3049 | D:4      | Found an iron altar of Okawaru.
  3082 | D:4      | Found Ijeydgh's Food Shop.
  3318 | D:4      | Found a snail-covered altar of Cheibriados.
  3347 | D:4      | Reached XP level 6. HP: 45/50 MP: 9/11
  3689 | D:4      | Offered knowledge of Sting by Vehumet.
  3707 | D:4      | Reached ** piety under Vehumet
  3954 | D:4      | Found a staircase to the Ecumenical Temple.
  3958 | Temple   | Entered the Ecumenical Temple
  4439 | D:5      | Entered Level 5 of the Dungeon
  4583 | D:5      | Found a hide-covered altar of Uskayaw.
  4859 | D:5      | Noticed a moth of wrath
  4862 | D:5      | Found a bloodstained altar of Trog.
  4942 | D:5      | Found Cekkox's General Store.
  4957 | D:5      | Bought a scroll of teleportation for 33 gold pieces
  4957 | D:5      | Bought a scroll of teleportation for 33 gold pieces
  4957 | D:5      | Bought a potion of curing for 33 gold pieces
  5068 | D:6      | Your scales start taking on a dull iron-grey colour.
  5068 | D:6      | Reached XP level 7. HP: 43/58 MP: 0/13
  5068 | D:6      | Gained mutation: You can survive without breathing. [Grey Draconian growth]
  5300 | D:6      | Reached skill level 6 in Conjurations
  5575 | D:6      | Reached skill level 5 in Spellcasting
  5990 | D:6      | Reached XP level 8. HP: 63/67 MP: 15/15
  6328 | D:7      | Noticed Pikel
  6328 | D:7      | Noticed a hippogriff
  6340 | D:6      | Killed a hippogriff
  6340 | D:6      | Reached skill level 5 in Fighting
  6692 | D:6      | Killed Pikel
  6692 | D:6      | Reached skill level 7 in Conjurations
  6898 | D:7      | Noticed a hippogriff
  6918 | D:7      | Killed a hippogriff
  6918 | D:7      | Reached XP level 9. HP: 46/78 MP: 18/18
  6924 | D:7      | Offered knowledge of Conjure Flame by Vehumet.
  7384 | D:7      | Noticed a gargoyle
  7400 | D:7      | Killed from afar by a gargoyle

Skill      XL: |  1  2  3  4  5  6  7  8 |
---------------+-------------------------+-----
Fighting       | 1 2 3 4 6 |  6.7
Spellcasting   | 3 4 5 6 |  6.5
Conjurations   | 5 6 7 |  7.9
Hexes          | 1 2 3 |  3.9
Dodging        | |  1.7
Stealth        | |  1.7

Action                   |  1- 3 |  4- 6 |  7- 9 || total
-------------------------+-------+-------+-------++-------
Melee: Unarmed           |     6 |       |       ||     6
       Club              |     4 |       |       ||     4
       Tailslap          |     4 |     6 |     1 ||    11
       Whip              |     2 |       |       ||     2
       Dagger            |    12 |    46 |    21 ||    79
       Staff             |       |       |     8 ||     8
 Cast: Magic Dart        |    73 |    62 |    49 ||   184
       Searing Ray       |     1 |    19 |    42 ||    62
       Dazzling Spray    |       |       |     4 ||     4
  Use: Scroll            |       |       |     1 ||     1
       Potion            |       |       |     1 ||     1
 Stab: Sleeping          |       |     1 |       ||     1
       Invisible         |       |       |     1 ||     1
  Eat: Chunk             |     5 |     9 |    10 ||    24
Armor: Skin              |    11 |    18 |    82 ||   111
Dodge: Dodged            |    21 |    65 |   117 ||   203
